AoeStats
← Tmarahh

Black Forest

509548590Analyzed
4v4 RM · 6d ago on Sep 27, 2026· 81m 39s· 8 players
Game mode
Random Map
Map size
Large (8 player)
Population
200
Speed
Normal
Resources
Standard
Victory
Conquest
Starting age
Dark Age
Ending age
Imperial Age
RankedLock teamsTeams togetherTeam positionsShared explorationLock speedFull tech treeHidden civsTurbo modeCheats
Victory
Defeat
703
+7
🇺🇸 Ethiopians · United States
697
+7
🇧🇷 Slavs · Brazil
481
+15
🇦🇺 Bohemians · Australia
379
+18
🇺🇸 Maya · United States
494
-13
🇺🇸 Huns · United States
471
-12
🇺🇸 Romans · United States
461
-11
🇺🇸 Britons · United States
438
-11
EPYON182
2:29 Loom
12:09 Feudal Age
13:04 Horse Collar
13:14 Double-Bit Axe
22:57 Castle Age
24:02 Wheelbarrow
24:00 Bow Saw
25:18 Gold Mining
29:34 Heavy Plow
31:19 Hand Cart
32:09 Stone Mining
34:28 Gold Shaft Mining
38:10 Masonry
39:31 Scale Mail Armor
39:41 Forging
43:13 Imperial Age
40:59 Fortified Wall
41:44 Chain Mail Armor
42:05 Iron Casting
42:41 Caravan
42:53 Caravan
46:36 Man-at-Arms
48:03 Long Swordsman
51:59 Legionary
Killerkang
6:31 Loom
12:04 Feudal Age
13:21 Wheelbarrow
14:18 Double-Bit Axe
14:56 Horse Collar
20:49 Castle Age
22:08 Hand Cart
21:46 Stone Mining
21:47 Gold Mining
22:08 Caravan
22:32 Bow Saw
28:37 Gold Shaft Mining
29:27 Husbandry
33:12 Imperial Age
31:01 Forging
30:57 Scale Barding Armor
31:56 Marauders
33:06 Iron Casting
32:52 Chain Barding Armor
34:33 Bloodlines
36:43 Two-Man Saw
35:25 Cavalier
36:44 Plate Barding Armor
37:11 Blast Furnace
37:14 Conscription
38:49 Elite Tarkan
40:13 Paladin
59:59 Parthian Tactics
59:41 Thumb Ring
salama20
0:39 Loom
12:46 Feudal Age
15:06 Double-Bit Axe
15:04 Horse Collar
16:03 Wheelbarrow
21:18 Scale Mail Armor
21:29 Forging
22:48 Gold Mining
27:44 Castle Age
25:41 Arson
27:33 Town Watch
28:46 Chain Mail Armor
29:06 Iron Casting
28:39 Squires
28:02 Eagle Warrior
30:18 Coinage
31:09 Thumb Ring
30:25 Elite Skirmisher
32:11 Bow Saw
32:55 Stone Mining
33:40 Caravan
33:53 Treadmill Crane
38:22 Imperial Age
36:49 Heavy Plow
39:03 Hand Cart
40:22 Two-Man Saw
40:16 Plate Mail Armor
40:47 Blast Furnace
40:13 Elite Eagle Warrior
42:49 Crop Rotation
43:28 Holcans
47:03 Banking
52:35 Chemistry
51:58 Ballistics
51:37 Fletching
51:48 Padded Archer Armor
Skaagen4724
12:26 Loom
15:57 Feudal Age
17:37 Wheelbarrow
19:38 Town Watch
19:53 Double-Bit Axe
19:51 Horse Collar
21:32 Stone Mining
21:38 Gold Mining
30:21 Arson
33:14 Castle Age
32:53 Fletching
33:04 Padded Archer Armor
33:15 Forging
33:06 Scale Mail Armor
34:09 Caravan
34:46 Hand Cart
34:55 Bow Saw
38:37 Heavy Plow
39:15 Gold Shaft Mining
38:49 Town Patrol
43:43 Bodkin Arrow
44:03 Leather Archer Armor
44:04 Chain Mail Armor
43:15 Elite Skirmisher
47:46 Pikeman
48:26 Squires
51:07 Imperial Age
51:29 Yeomen
51:10 Halberdier
51:27 Sappers
52:18 Conscription
52:34 Hoardings
53:13 Elite Longbowman
56:51 Warwolf
69:50 Cavalier
70:30 Husbandry
Tmarahh
2:34 Loom
21:49 Feudal Age
22:31 Double-Bit Axe
22:34 Horse Collar
22:50 Town Watch
23:41 Wheelbarrow
31:20 Castle Age
33:06 Hand Cart
32:53 Town Patrol
32:59 Heavy Plow
33:18 Bow Saw
34:55 Caravan
35:28 Coinage
47:45 Imperial Age
45:59 Wagenburg Tactics
47:39 Squires
47:25 Arson
48:20 Heavy Scorpion
51:18 Elite Hussite Wagon
55:23 Medium Warships
57:34 Heavy Warships
56:56 Pikeman
58:56 Banking
58:37 Guilds
60:53 Ballistics
61:34 Chemistry
60:45 Fortified Wall
60:48 Siege Engineers
60:34 Guard Tower
60:31 Arrowslits
60:57 Masonry
63:25 Conscription
64:20 Hussite Reforms
64:04 Crossbowman
67:43 Architecture
67:30 Sappers
67:43 Halberdier
70:17 Capped Ram
80:43 Spies/Treason
Joeywaterfall
1:47 Loom
13:19 Feudal Age
13:45 Double-Bit Axe
14:44 Wheelbarrow
13:52 Horse Collar
14:51 Gold Mining
16:34 Stone Mining
22:42 Castle Age
23:37 Bow Saw
24:19 Stone Shaft Mining
24:22 Gold Shaft Mining
24:11 Hand Cart
24:41 Forging
28:05 Caravan
29:31 Iron Casting
31:03 Scale Mail Armor
34:27 Imperial Age
32:49 Town Watch
34:41 Chain Mail Armor
36:38 Chemistry
35:49 Fortified Wall
36:11 Conscription
37:10 Blast Furnace
38:29 Two-Man Saw
38:27 Royal Heirs
39:10 Plate Mail Armor
39:20 Elite Shotel Warrior
41:31 Ballistics
41:17 Siege Engineers
44:23 Coinage
44:04 Guilds
46:48 Banking
66:23 Scale Barding Armor
66:10 Fletching
66:20 Padded Archer Armor
66:23 Torsion Engines
65:54 Sappers
66:38 Masonry
66:18 Heated Shot
66:24 Murder Holes
66:20 Guard Tower
66:40 Careening
67:57 Heavy Plow
68:00 Town Patrol
68:40 Capped Ram
68:41 Onager
68:41 Heavy Scorpion
72:26 Arson
72:41 Squires
73:59 Architecture
74:05 Keep
73:51 Dry Dock
73:52 Shipwright
73:44 Clinker Construction
73:56 Chain Barding Armor
73:32 Bodkin Arrow
73:52 Leather Archer Armor
73:26 Siege Ram
73:28 Siege Onager
75:14 Atonement
75:24 Fervor
75:35 Sanctity
75:16 Devotion
75:41 Illumination
75:36 Heresy
79:00 Theocracy
78:23 Herbal Medicine
MATHZERA 4M
0:38 Loom
16:45 Feudal Age
18:07 Town Watch
18:57 Wheelbarrow
18:35 Horse Collar
24:54 Stone Mining
24:55 Gold Mining
25:58 Double-Bit Axe
30:02 Castle Age
33:53 Town Patrol
34:08 Hand Cart
33:56 Caravan
36:22 Bow Saw
36:15 Heavy Plow
36:36 Detinets
39:16 Imperial Age
40:44 Conscription
39:54 Sappers
41:00 Hoardings
41:45 Forging
41:36 Scale Mail Armor
41:41 Scale Barding Armor
我真的不是周杰伦
10:54 Feudal Age
12:13 Wheelbarrow
11:26 Double-Bit Axe
12:13 Horse Collar
20:38 Castle Age
19:06 Gold Mining
19:11 Stone Mining
22:06 Hand Cart
22:40 Bow Saw
23:08 Gold Shaft Mining
22:40 Heavy Plow
32:16 Imperial Age
30:38 Fletching
30:49 Padded Archer Armor
31:19 Ballistics
31:12 Masonry
30:59 Murder Holes
30:50 Treadmill Crane
32:50 Leather Archer Armor
32:30 Bodkin Arrow
32:43 Scale Mail Armor
33:22 Elite Skirmisher
35:08 Two-Man Saw
35:22 Yeomen
37:24 Chemistry
36:32 Siege Engineers
37:04 Ring Archer Armor
36:35 Bracer
36:43 Warwolf
37:15 Pikeman
37:56 Squires
38:45 Chain Mail Armor
38:37 Scale Barding Armor
38:42 Forging
38:25 Halberdier
39:34 Elite Longbowman
40:25 Light Cavalry
42:56 Caravan
Connection lost

Rejoining the realm…

Still unreachable

The connection could not be restored.

Session expired

The server has moved on; the page needs a fresh start.